Cogmind - Beta 17.1 @@@ ROGUE MODE // 2026.09.01 @ 02:21:57 Player: TheSkyeDoctor Result: Destroyed by B-75 Beast with Heavy Machine Gun Performance ------------- Evolutions (2) 1000 Regions Visited (6) 1200 Robots Destroyed (26) 130 Value Destroyed (792) 792 Prototype IDs (23) 460 Alien Tech Used (0) 0 Bonus (535) 535 TOTAL SCORE: 4117 Bonus ------- Follower Combat Kills 35 Entered Garrisons 200 Aligned with FarCom 300 Cogmind --------- Core Integrity 0/550 Matter 95/300 Energy 17/100 System Corruption 0% Temperature Cool (51) Movement Core (50) Location -8/Garrison Parts ------- > --- POWER (1) -------- (None) > --- PROPULSION (2) --- (None) > --- UTILITY (4) ------ (None) > --- WEAPON (4) ------- (None) > --- INVENTORY (5) ---- Large Battery (0) High-capacity Matter Pod (200) YOLO Cannon Peak State ------------ > --- POWER ------------ Light Nuclear Core > --- PROPULSION ------- Light Treads Improved Treads > --- UTILITY ---------- Advanced Heat Sink Medium Storage Unit Signal Interpreter Seismic Detector > --- WEAPON ----------- Medium Laser Guided Plasma Cannon Assault Cannon Hammer > --- INVENTORY -------- Light Ion Engine Large Battery High-capacity Matter Pod Improved Terrain Scanner YOLO Cannon Rocket Launcher Improved Grenade Launcher Improved Grenade Launcher [Rating: 30] Favorites ----------- Power Light Ion Engine Engine Light Ion Engine Power Core Light Nuclear Core Propulsion Light Treads Treads Light Treads Utility Seismic Detector Device Seismic Detector Storage Medium Storage Unit Processor Signal Interpreter Weapon Medium Laser Energy Gun Medium Laser Energy Cannon Guided Plasma Cannon Ballistic Gun Light Assault Rifle Ballistic Cannon Assault Cannon Launcher Rocket Launcher Impact Weapon Hammer Build | -11 -10 -10 -10 -9 -8 -8 ------- Run | Yrd Mat Min Exi Min Mat Gar Slots Evolved 4 | . . . . . 4 . Power . | . . . . . . . Propulsion . | . . . . . . . Utility 2 | . . . . . 2 . Weapon 2 | . . . . . 2 . Parts Attached 23 | 7 . . 2 . 6 8 Power 3 | 1 . . . . 1 1 Engine 2 | 1 . . . . . 1 Core 1 | . . . . . 1 . Reactor . | . . . . . . . Propulsion 4 | 2 . . . . 2 . Treads 4 | 2 . . . . 2 . Leg . | . . . . . . . Wheel . | . . . . . . . Hover . | . . . . . . . Flight . | . . . . . . . Utility 7 | 2 . . 1 . 2 2 Device 3 | 1 . . . . 1 1 Storage 3 | 1 . . 1 . . 1 Processor 1 | . . . . . 1 . Hackware . | . . . . . . . Protection . | . . . . . . . Artifact . | . . . . . . . Weapon 9 | 2 . . 1 . 1 5 Energy Gun 1 | 1 . . . . . . Energy Cannon 2 | . . . . . 1 1 Ballistic Gun 1 | 1 . . . . . . Ballistic Cannon 1 | . . . . . . 1 Launcher 3 | . . . . . . 3 Special Weapon . | . . . . . . . Impact Weapon 1 | . . . 1 . . . Slashing Weapon . | . . . . . . . Piercing Weapon . | . . . . . . . Special Melee Weapon . | . . . . . . . Unidentified Prototypes . | . . . . . . . Parts Lost 16 | . . . . . . 16 Power 2 | . . . . . . 2 Propulsion 2 | . . . . . . 2 Utility 5 | . . . . . . 5 Weapon 7 | . . . . . . 7 Highest Loss Streak 13 | . . . . . . 13 To Critical Strikes . | . . . . . . . Average Backups 7 | 2 5 7 7 8 8 7 Power . | . 1 1 1 1 1 . Propulsion . | . 1 1 . . . . Utility 2 | . 1 2 3 4 3 2 Weapon 3 | . 2 3 3 3 4 3 Tool/Special . | . . . . . . . Unused Backups 5 | 1 . . 2 . 1 1 Power . | . . . . . . . Propulsion 2 | 1 . . 1 . . . Utility 1 | . . . . . . 1 Weapon 2 | . . . 1 . 1 . Tool/Special . | . . . . . . . Average Slot Usage (%) 93 | . 100 100 100 100 81 74 Engine 10 | . 14 14 14 14 2 . Core 2 | . . . . . 6 6 Treads 24 | . 28 28 28 28 18 13 Device 13 | . 14 14 14 14 10 16 Storage 12 | . 14 14 14 14 9 7 Processor 2 | . . . . . 7 7 Energy Gun 12 | . 14 14 14 14 9 6 Energy Cannon 1 | . . . . . 9 3 Ballistic Gun 4 | . 14 14 6 . . . Impact Weapon 7 | . . . 7 14 9 6 Peak Build Rating 30 | 7 7 8 10 10 27 30 Average Rating 12 | 5 7 7 9 10 21 21 On Entrance 9 | . 7 7 8 10 10 27 Avg Prop Armor Cover (%) . | . . . . . . . Naked Turns 8 | . . . . . . 8 Heaviest Build 31 | 12 12 12 18 18 31 31 Greatest Support 43 | 40 40 40 40 40 43 43 Greatest Overweight (x) 5 | . . . . . 1 5 Average Overweight (x) . | . . . . . . . Largest Inventory Capacity 10 | 8 8 8 10 10 10 10 Average Capacity 8 | 7 8 8 8 10 10 8 Most Carried 10 | 4 7 8 9 10 10 10 Average Carried 7 | 2 5 7 8 9 9 8 Final Capacity 10 | 8 8 8 10 10 10 5 Final Carried 10 | 4 7 8 9 10 10 4 Class Distribution -------------------- 92% | Mutant 5% | Skirmisher Dominant Class ---------------- Mutant | -10/Materials Mutant | -10/Mines Mutant | -10/Exiles Mutant | -9/Mines Mutant | -8/Materials Mutant | -8/Garrison Resources | -11 -10 -10 -10 -9 -8 -8 ----------- Run | Yrd Mat Min Exi Min Mat Gar Matter Collected 444 | 280 16 13 . 20 103 12 Remotely . | . . . . . . . Salvage Created 756 | 161 171 60 . . 208 156 Parts 46 | 9 13 5 . . 8 11 Haulers Intercepted . | . . . . . . . Recyclers Shooed . | . . . . . . . Parts Field Recycled . | . . . . . . . Retrieved Matter . | . . . . . . . Parts Self-Destructed . | . . . . . . . Prevented . | . . . . . . . Parts Restored . | . . . . . . . Kills | -11 -10 -10 -10 -9 -8 -8 ------- Run | Yrd Mat Min Exi Min Mat Gar Combat Hostiles Destroyed 22 | . 6 2 . . 4 10 Guns 8 | . 6 2 . . . . Cannons 6 | . . . . . 4 2 AOE 8 | . . . . . . 8 Classes Destroyed 6 | 2 2 . . . 1 1 Tunneler 3 | 3 . . . . . . Recycler 1 | 1 . . . . . . Swarmer 7 | . 3 1 . . . 3 Grunt 13 | . 3 1 . . 3 6 Sentry 1 | . . . . . 1 . Behemoth 1 | . . . . . . 1 Best Kill Streak 6 | 4 3 2 . . 3 6 Combat Bots Only 6 | . 3 2 . . 3 6 Max Kills in Single Turn 2 | 1 1 1 . . 1 2 Gunslinging . | . . . . . . . Exploded 2 | . . . . . . 2 Melee . | . . . . . . . Uniques/NPCs Destroyed . | . . . . . . . Combat | -11 -10 -10 -10 -9 -8 -8 -------- Run | Yrd Mat Min Exi Min Mat Gar Hostile Shots Fired 161 | . 26 22 . . 13 100 Missed 44 | . 9 6 . . 7 22 Hits 117 | . 17 16 . . 6 78 Projectile 117 | . 17 16 . . 6 78 Critical Strikes 3 | . . . . . . 3 Damage Taken 2054 | . 165 170 . . 96 1623 Core 623 | . 45 13 . . . 565 Absorbed by Shields . | . . . . . . . Core Remaining (%) 88 | 100 . . . 76 . . Volleys Fired 74 | 10 16 13 . . 10 25 Largest 3 | 2 2 2 . . 1 3 Hottest 120 | 70 70 70 . . 120 120 Shots Fired 121 | 20 32 20 . . 10 39 Gun 79 | 20 32 20 . . . 7 Cannon 28 | . . . . . 10 18 Launcher 14 | . . . . . . 14 Special . | . . . . . . . Kinetic 46 | 10 16 13 . . . 7 Thermal 61 | 10 16 7 . . 10 18 Explosive 14 | . . . . . . 14 Electromagnetic . | . . . . . . . Robot Hit Streak 15 | 6 7 5 . . 10 15 Robot Miss Streak 4 | 4 2 3 . . . 4 Penetration Max . | . . . . . . . Secondary Targets 1 | . 1 . . . . . Max Gunslinging Chain 1 | . 1 . . . . . Shots Hit Robots 81 | 11 18 9 . . 13 30 Core Hits 47 | 7 10 3 . . 5 22 Critical Kills . | . . . . . . . Critical Parts Destroyed . | . . . . . . . Critical Strikes 1 | . . . . . . 1 Burn 1 | . . . . . . 1 Melee Attacks 8 | . . . . . 8 . Impact 8 | . . . . . 8 . Slashing . | . . . . . . . Piercing . | . . . . . . . Sneak Attacks 1 | . . . . . 1 . Combat Hostiles . | . . . . . . . Follow-up Attacks . | . . . . . . . Damage Inflicted 2564 | 110 197 91 . . 439 1727 Guns 463 | 110 197 91 . . . 65 Cannons 850 | . . . . . 355 495 Explosions 1163 | . . . . . . 1163 Melee 84 | . . . . . 84 . Ramming 4 | . . . . . . 4 Kinetic 251 | 35 60 30 . . . 126 Thermal 1062 | 75 137 61 . . 355 434 Explosive 1163 | . . . . . . 1163 Electromagnetic . | . . . . . . . Impact 84 | . . . . . 84 . Slashing . | . . . . . . . Piercing . | . . . . . . . Highest Corruption . | . . . . . . . Average Corruption . | . . . . . . . Corruption Purged . | . . . . . . . Corruption Blocked . | . . . . . . . Overload Shots . | . . . . . . . Overflow Damage 97 | . . . . . . 97 Projectiles 15 | . . . . . . 15 Explosions 82 | . . . . . . 82 Melee . | . . . . . . . Knockbacks . | . . . . . . . Impact . | . . . . . . . Kinetic . | . . . . . . . Secondary . | . . . . . . . Self-Inflicted Damage 43 | . . . . . . 43 Shots 1 | . . . . . . 1 Rammed 2 | . . . . . . 2 Targets Rammed 2 | . . . . . . 2 Kicked . | . . . . . . . Crushed . | . . . . . . . Highest Temperature 677 | 160 98 182 . . 677 223 Average Temperature 123 | 83 38 93 . . 306 79 Received Heat Transfer 639 | . 60 84 . . 54 441 Effects 14 | . . . . . 14 . Shutdowns 2 | . . . . . 2 . Energy Bleed 2 | . . . . . 2 . Interference 4 | . . . . . 4 . Matter Decay 1 | . . . . . 1 . Short Circuit 1 | . . . . . 1 . Damage (minor) 2 | . . . . . 2 . Damage (major) 2 | . . . . . 2 . Siege Activations . | . . . . . . . Martial Activations . | . . . . . . . Shielding Activations . | . . . . . . . Robots Disrupted . | . . . . . . . Combat Hostiles . | . . . . . . . Robots Corrupted . | . . . . . . . Combat Hostiles . | . . . . . . . Parts Fried . | . . . . . . . Impact Corruptions . | . . . . . . . Robots Melted . | . . . . . . . Combat Hostiles . | . . . . . . . Parts Melted 3 | . . . . . 3 . Heat Transferred 2673 | 222 407 185 . . 800 1059 Parts Sabotaged . | . . . . . . . Parts Stolen . | . . . . . . . Parts Stripped . | . . . . . . . Power Chain Reactions . | . . . . . . . Alert | -11 -10 -10 -10 -9 -8 -8 ------- Run | Yrd Mat Min Exi Min Mat Gar Maximum Alert Level 1 | . . . . . . 1 Low Security (%) 98 | 100 100 100 . 100 100 90 Level 1 1 | . . . . . . 9 Level 2 . | . . . . . . . Level 3 . | . . . . . . . Level 4 . | . . . . . . . Level 5 . | . . . . . . . High Security . | . . . . . . . Max Security . | . . . . . . . Peak Influence 219 | 10 70 82 . . 60 219 Initial 19 | . . 19 . . . 6 Average 28 | . 26 23 . . 14 103 Influence Increases 716 | 20 150 73 . . 120 353 Destroy 0b10 Robot/C 460 | . 120 60 . . 80 200 Destroy 0b10 Robot/NC 20 | 20 . . . . . . Destroy Leader 70 | . 30 10 . . 20 10 Allied During Kill 3 | . . 3 . . . . Successful Hack 18 | . . . . . 18 . Disable Machine 15 | . . . . . . 15 Anti-Garrison Action 50 | . . . . . . 50 Destroy Structure 80 | . . . . . 2 78 Influence Decreases 517 | 20 100 123 . . 110 164 Entered New Map 35 | . . 31 . . . 4 Time Decay 322 | 20 100 92 . . 110 . Lost Part 160 | . . . . . . 160 Squads Dispatched 2 | . 2 . . . . . Investigation 1 | . 1 . . . . . Extermination . | . . . . . . . Reinforcement 1 | . 1 . . . . . Assault . | . . . . . . . Garrison . | . . . . . . . Intercept . | . . . . . . . Searches Triggered . | . . . . . . . Construction Impeded . | . . . . . . . Haulers Reinforced . | . . . . . . . Active Scanning Responses . | . . . . . . . Cargo Convoy Interrupts . | . . . . . . . Stealth | -11 -10 -10 -10 -9 -8 -8 --------- Run | Yrd Mat Min Exi Min Mat Gar Distress Signals 2 | . 2 . . . . . Communications Jammed . | . . . . . . . Distress Signals . | . . . . . . . Times Spotted 34 | . 11 4 . . 6 13 Peak Tracking Total 5 | . 4 5 . . 4 5 Tactical Retreats . | . . . . . . . Traps | -11 -10 -10 -10 -9 -8 -8 ------- Run | Yrd Mat Min Exi Min Mat Gar Traps Triggered 1 | . 1 . . . . . Indirectly . | . . . . . . . Trap Hack Attempts . | . . . . . . . Triggered . | . . . . . . . Disarmed . | . . . . . . . Reprogrammed . | . . . . . . . Reused . | . . . . . . . Traps Extracted . | . . . . . . . Installed . | . . . . . . . Triggered . | . . . . . . . Machines | -11 -10 -10 -10 -9 -8 -8 ---------- Run | Yrd Mat Min Exi Min Mat Gar Machines Disabled 1 | . . . . . . 1 Max in Single Turn 1 | . . . . . . 1 Machines Repaired . | . . . . . . . Machines Dismantled . | . . . . . . . Machines Sabotaged . | . . . . . . . Overloaded Fab Kills . | . . . . . . . Hacking | -11 -10 -10 -10 -9 -8 -8 --------- Run | Yrd Mat Min Exi Min Mat Gar Machines Accessed 7 | . . . 1 1 3 2 Terminals 4 | . . . . . 2 2 Fabricators . | . . . . . . . Repair Stations . | . . . . . . . Recycling Units . | . . . . . . . Scanalyzers . | . . . . . . . Garrison Access 1 | . . . . . 1 . Total Hacks 11 | . . . 1 1 5 4 Successful 6 | . . . 1 1 3 1 Failed 5 | . . . . . 2 3 Catastrophic 2 | . . . . . 1 1 Database Lockouts . | . . . . . . . Manual 5 | . . . 1 . 4 . Terminals 8 | . . . . . 4 4 Fabricators . | . . . . . . . Repair Stations . | . . . . . . . Recycling Units . | . . . . . . . Scanalyzers . | . . . . . . . Garrison Access 1 | . . . . . 1 . Terminal Hacks 3 | . . . 1 1 . 1 Open Door 1 | . . . . 1 . . Garrison Registry 1 | . . . . . . 1 Proto ID Catalog 1 | . . . 1 . . . Fabricator Hacks . | . . . . . . . Repair Station Hacks . | . . . . . . . Recycling Unit Hacks . | . . . . . . . Scanalyzer . | . . . . . . . Garrison Access Hacks 1 | . . . . . 1 . Unlock Access 1 | . . . . . 1 . Unauthorized Hacks 2 | . . . . . 2 . Terminals 2 | . . . . . 2 . Botnet 2 | . . . . . 2 . Fabricators . | . . . . . . . Repair Stations . | . . . . . . . Recycling Units . | . . . . . . . Scanalyzers . | . . . . . . . Garrison Access . | . . . . . . . Data Cores Recovered . | . . . . . . . Used . | . . . . . . . Hacking Detections 4 | . . . . . 2 2 Full Trace Events 1 | . . . . . . 1 Feedback Events . | . . . . . . . Feedback Blocked . | . . . . . . . Robot Schematics Acquired . | . . . . . . . Robots Built . | . . . . . . . Authchips . | . . . . . . . Time . | . . . . . . . Total Robot Build Rating . | . . . . . . . Part Schematics Acquired . | . . . . . . . Parts Built . | . . . . . . . Authchips . | . . . . . . . Time . | . . . . . . . Total Part Build Rating . | . . . . . . . Part Studies Acquired . | . . . . . . . Parts Repaired . | . . . . . . . Time . | . . . . . . . Parts Recycled . | . . . . . . . Recycled Matter . | . . . . . . . Retrieved Matter . | . . . . . . . Retrieved Components . | . . . . . . . Parts Scanalyzed . | . . . . . . . Part Schematics Acquired . | . . . . . . . Parts Damaged . | . . . . . . . Bothacking | -11 -10 -10 -10 -9 -8 -8 ------------ Run | Yrd Mat Min Exi Min Mat Gar Used RIF Installer . | . . . . . . . Robots Hacked . | . . . . . . . Non-combat . | . . . . . . . Combat . | . . . . . . . Robot Hacks Applied . | . . . . . . . Relay Couplers Released . | . . . . . . . Fabnet Peak Effective % . | . . . . . . . Robots Rewired . | . . . . . . . Allies Hacked . | . . . . . . . Hacks Repelled . | . . . . . . . Allies | -11 -10 -10 -10 -9 -8 -8 -------- Run | Yrd Mat Min Exi Min Mat Gar Total Allies 3 | . . 3 . . . . Largest Group 3 | . . 3 3 . . . Highest-Rated Group 74 | . . 74 74 . . . Highest-Rated Ally 31 | . . 31 31 . . . Total Orders . | . . . . . . . Ally Attacks 12 | . . 12 . . . . Total Damage 190 | . . 190 . . . . Kills 1 | . . 1 . . . . Allies Corrupted . | . . . . . . . Allies Melted . | . . . . . . . Intel | -11 -10 -10 -10 -9 -8 -8 ------- Run | Yrd Mat Min Exi Min Mat Gar Active Infowar (turns) 2483 | 55 336 318 479 603 352 340 Terrain 53 | . . . . . . 53 Seismic 2430 | 55 336 318 479 603 352 287 Robot Analysis Total . | . . . . . . . Derelict Logs Recovered 4 | . . 1 . 3 . . Drone Launches . | . . . . . . . Drone Recoveries . | . . . . . . . Exploration | -11 -10 -10 -10 -9 -8 -8 ------------- Run | Yrd Mat Min Exi Min Mat Gar Turns Passed 2666 | 163 336 318 479 603 382 385 Spaces Moved 1480 | 76 179 173 295 368 188 201 Core 40 | 1 . . . . . 39 Treads 1440 | 75 179 173 295 368 188 162 Legs . | . . . . . . . Wheels . | . . . . . . . Hover . | . . . . . . . Flight . | . . . . . . . Fastest Speed 50 | 50 160 160 160 160 160 50 Average Speed 157 | 158 160 160 160 160 162 140 Slowest Speed 300 | 160 160 160 160 160 240 300 Overloaded Moves . | . . . . . . . Propulsion Burnouts . | . . . . . . . Robots Hopped . | . . . . . . . Potential Cave-ins . | . . . . . . . Cave-ins Triggered . | . . . . . . . Exploration Rate (%) 38 | 5 41 38 61 69 14 39 Regions Visited 6 Branch Regions 3 Pre-discovered Areas 2 | . . 1 . 1 . . Known Exits Taken 1 | . . . . . 1 . Unknown Exits Taken 5 | 1 1 1 1 1 . . Scrap Searched 3 | . . 1 . 2 . . Spaces Dug 2 | . . . . . 2 . Terrain Destroyed 96 | . . . . . 2 94 Melee 2 | . . . . . 2 . Projectile 1 | . . . . . . 1 AOE 93 | . . . . . . 93 Terrain Rammed . | . . . . . . . Walls Destroyed . | . . . . . . . Machines Disabled . | . . . . . . . Actions | -11 -10 -10 -10 -9 -8 -8 --------- Run | Yrd Mat Min Exi Min Mat Gar Total 1692 | 98 200 197 304 382 241 270 Wait 76 | . 3 11 . 14 20 28 Move 1474 | 75 178 172 294 367 188 200 Hop . | . . . . . . . Pick Up 17 | 5 3 1 3 1 3 1 Fast Attach 10 | 7 . . 1 . 2 . Attach 12 | . . . . . 2 10 Detach 4 | . . . . . . 4 Swap 4 | . . . 1 . 3 . Drop 11 | 1 . . 5 . 5 . Fire 74 | 10 16 13 . . 10 25 Melee 8 | . . . . . 8 . Ram 2 | . . . . . . 2 Kick . | . . . . . . . Crush . | . . . . . . . Escape Stasis . | . . . . . . . Rewire . | . . . . . . . Trap . | . . . . . . . Miscellaneous . | . . . . . . . Route ------- -11/Scrapyard -10/Materials -10/Mines -10/Exiles -9/Mines -8/Materials (discovered 3 exits: Fac / Sto / Gar) -8/Garrison (discovered 3 exits: *Fac x3) History --------- Turn | Location | Event 35 | -11/Scrapyard | Discovered new exit (range 15) 164 | -11/Scrapyard | Entered Materials 317 | -10/Materials | Build established: Mutant 482 | -10/Materials | Discovered new exit (range 9) 500 | -10/Materials | Entered Mines 510 | -10/Mines | Escorted by a lone wolf Derelict 530 | -10/Mines | Learned location of Storage (-8) 627 | -10/Mines | Learned Materials interactive machine intel 707 | -10/Mines | Found a hidden stash of uninstalled traps 796 | -10/Mines | Deemed a non-threat by the Exiles lab entrance 797 | -10/Mines | Discovered new exit (range 5) 818 | -10/Mines | Entered Exiles 818 | -10/Exiles | Accompanied by 3 allies 848 | -10/Exiles | Led the pair of lost Derelicts to a safe place 857 | -10/Exiles | Met 8R-AWN 890 | -10/Exiles | Met EX-HEX 959 | -10/Exiles | Met EX-BIN 977 | -10/Exiles | Aligned with FarCom system 978 | -10/Exiles | Given EX-Vault access code 1018 | -10/Exiles | Opened EX-Vault 1032 | -10/Exiles | Found Gui. Plasma Cannon 1040 | -10/Exiles | Found YOLO Cannon 1077 | -10/Exiles | Warned to stay clear of 0b10 Research branches 1130 | -10/Exiles | Met EX-DEC 1281 | -10/Exiles | Discovered new exit (range 11) 1297 | -10/Exiles | Stole two prototypes: Gui. Plasma Cannon, YOLO Cannon 1297 | -10/Exiles | Entered Mines 1377 | -9/Mines | Learned Materials terminal intel 1464 | -9/Mines | Received a Rocket Launcher from a helpful Derelict 1606 | -9/Mines | Found the Drone Emporium 1884 | -9/Mines | Discovered new exit (range 13) 1900 | -9/Mines | Entered Materials 1900 | -8/Materials | Evolved 4 slots: Utility x2, Weapon x2 1901 | -8/Materials | Identified exit to Factory 1901 | -8/Materials | Identified exit to Storage 1902 | -8/Materials | Loaded intel: 19 interactive machine locations 1903 | -8/Materials | Loaded intel: 12 terminal locations 2282 | -8/Materials | Identified exit to Garrison 2282 | -8/Materials | Entered Garrison 2489 | -8/Garrison | Discovered exit to Factory (range 49) 2489 | -8/Garrison | Discovered exit to Factory (range 79) 2489 | -8/Garrison | Discovered exit to Factory (range 42) 2501 | -8/Garrison | Spotted B-75 Beast 2501 | -8/Garrison | Spotted B-75 Beast 2542 | -8/Garrison | Triggered checkpoint 2605 | -8/Garrison | Attempted to access garrison exit controls, blocked by remote lockdown 2619 | -8/Garrison | Lost 13 parts (2p2n3u6w) 2643 | -8/Garrison | Destroyed B-75 Beast 2656 | -8/Garrison | Core integrity fell below 50% 2662 | -8/Garrison | Core integrity fell below 20% 2667 | -8/Garrison | Destroyed by B-75 Beast with Heavy Machine Gun Last Messages --------------- 02588_ Imp. Grenade Launcher destroyed. 02588_ Destroyed Imp. Grenade Launcher. 02596_ RIF Installer disabled. 02605_ Attempting to access garrison exit controls... 02605_ Remote lockdown engaged. 02624_ Connecting with Garrison Terminal... 02624_ ALERT: Suspicious activity at Terminal G001. Transmitting hostile system tracking data. 02635_ Imp. Terrain Scanner destroyed. 02637_ Destroyed Heat Sink. 02638_ Y-45 Defender heat damages Hvy. Assault Rifle. 02643_ B-75 Beast destroyed. 02647_ Garrison Terminal disabled. 02650_ Knocked back. 02650_ Adv. Heat Sink destroyed. 02656_ Slammed into B-75 Beast. 02667_ Gui. Plasma Cannon destroyed. Map ----- +----------------------------------------------------+ | " #??????????????????????????????????????? | | " #??????????????????????????????????????? | | " #??????????????????????????????????????? | | " #???????????#####??????????????????????? | | ## ###???????????#"# #??????????????????????? | | ##????????????#" #??????????????????????? | | ##########???#" #??????????????????????? | | ##"""#???#" #??????????????????????? | | ### ## #???#"# #??????????????????????? | | #=* ### ## #???### #??????????????????????? | | # ?# ## #?????# ###????????????????????? | | #### ?# #" #?????# " #????????????????????? | | ??# ??# ##" "#?????# " #????????????????????? | | ??# #??# # " "####### " #????????????????????? | | ??# #??# #?" ## + ###????????????????????? | | ??# #??# #?# ## ##### #??????????????????????? | | ??# ####+### ##+#???# #??????????????????????? | | ??# ##### #??????????????????????? | | ??###% #";;# #??????????????????????? | | ????## ## ###### #??????????????????????? | | ?????##### #????# ###;; #??????????????????????? | | ????###### ####?# #??#;Y#??????????????????????? | | ????#"" ""#?# #??#%Y##?????????????????????? | | ????#"! !"#?# #??#BB"#?????????????????????? | | ????#"! !"#?# ####BB #?????????????????????? | | ????#"! !"#?# ###@ #?????????????????????? | | ????#"! !"#?# < #?####?????????????????????? | | ????#"! !"#?# #??????????????????????????? | | ????#"! !"#?######??????????????????????????? | | ????#"" ""#?????????????????????????????????? | | ????#"""!!!!"""#?????????????????????????????????? | | ????#""""""""""#?????????????????????????????????? | | ????############?????????????????????????????????? | | ?????????????????????????????????????????????????? | | ?????????????????????????????????????????????????? | | ?????????????????????????????????????????????????? | | ?????????????????????????????????????????????????? | | ?????????????????????????????????????????????????? | | ?????????????????????????????????????????????????? | | ?????????????????????????????????????????????????? | | ?????????????????????????????????????????????????? | | ?????????????????????????????????????????????????? | | ?????????????????????????????????????????????????? | | ?????????????????????????????????????????????????? | | ?????????????????????????????????????????????????? | | ?????????????????????????????????????????????????? | | ?????????????????????????????????????????????????? | | ?????????????????????????????????????????????????? | | ?????????????????????????????????????????????????? | | ?????????????????????????????????????????????????? | +----------------------------------------------------+ Best States ------------- Heat Dissipation 50 Energy Generation 14 Energy Capacity 300 Matter Stores 300 Matter Capacity 300 Sight Range 16 Terrain Scan Range 16 Terrain Scan Density 10 Evasion (%) 50 Recoil Reduction 2 Item Schematics ----------------- None Robot Schematics ------------------ None Fabricated ------------ Nothing Repaired ---------- Nothing Studied --------- None Alien Tech Used ----------------- None Achievements -------------- None Challenges ------------ None Game ------ Seed DiametricExoskeletonRipteeth Manual? 0 Play Time 00:15:00 Cumulative 185.9 hours Start 2026.09.01 @ 02:07:33 End 2026.09.01 @ 02:21:57 Sessions 1 Manual Loads 0 Difficulty Rogue Special Mode None Game No. 371 Rogue 371 Adventurer 0 Explorer 0 Win Type - Total 2 Types 2/0/0/0/0/0/0/0/0/0 Lore% 59 Gallery% 60 Achievement% 47 Wizard Run 0 Options --------- Layout 2 ASCII 0 Keyboard 1 Movement Arrows Keybinds 0 Fullscreen 1 Font 24/Smallcaps Map View 50x44 Zoom Use 0% Tactical HUD 1 Map Filters NONE Filters NONE Steam 1 RUN: 05ddde95-14b4-4d8f-a005-3b86f2dcc7e6